 Dungeon Crawl Stone Soup version 0.28-a0-514-g0d7ab7f379 (webtiles) character file.

Game seed: 7477003396188612759

95 siradein the Chucker (level 4, -2/42 HPs)
             Began as a Troll Hunter on Sept 23, 2021.
             Killed by divine providence
             ... invoked by an orc priest
              (13 damage)
             ... on level 3 of the Dungeon.
             The game lasted 00:06:37 (1726 turns).

siradein the Chucker (Troll Hunter)                 Turns: 1726, Time: 00:06:37

Health: -2/42      AC:  4    Str: 20    XL:     4   Next: 39%
Magic:  3/3        EV: 10    Int:  7    God:
Gold:   25         SH:  0    Dex: 11    Spells: 3/3 levels left

rFire   . . .      SeeInvis .     - Unarmed
rCold   . . .      Faith    .   (no shield)
rNeg    . . .      Spirit   .   b - +0 robe
rPois   .          Reflect  .   (helmet restricted)
rElec   .          Harm     .   (no cloak)
rCorr   .          Rampage  .   (gloves unavailable)
Will    .....                   (boots unavailable)
Stlth   +.........              (no amulet)
HPRegen 1.14/turn               (no ring)
MPRegen 0.08/turn               (no ring)

@: no status effects
A: large, unfitting armour, claws 3, regeneration 1, shaggy fur 1, tough skin 1
a: no special abilities


You were on level 3 of the Dungeon.
You visited 1 branch of the dungeon, and saw 3 of its levels.

You collected 25 gold pieces.

Inventory:

Hand Weapons
 f - a +0 hunting sling
Missiles
 a - 66 stones
 c - 5 large rocks
 d - 2 throwing nets
 i - 5 silver javelins (quivered)
 j - 8 sling bullets
Armour
 b - a +0 robe (worn)
Scrolls
 g - 2 scrolls of enchant armour {unknown}
 k - a scroll of noise {unknown}
 n - a scroll of fog {unknown}
Potions
 e - a potion of heal wounds {unknown}
 h - a potion of curing {unknown}
 l - a potion of mutation {unknown}
 m - a potion of cancellation {unknown}


   Skills:
 + Level 2.3 Fighting
 + Level 4.1 Throwing
 + Level 2.3 Dodging
 - Level 0.3 Stealth
 + Level 1.7 Unarmed Combat


You had 3 spell levels left.
You didn't know any spells.
Your spell library contained the following spells:

 Spells                   Type           Power      Damage    Failure   Level
 Apportation              Tloc           0%         N/A       43%         1
 Alistair's Intoxication  Tmut/Pois      0%         N/A       100%        5
 Invisibility             Hex            0%         N/A       100%        6


Dungeon Overview and Level Annotations

Branches:
Dungeon (3/15)

Altars:


Innate Abilities, Weirdness & Mutations

You are too large for most types of armour.
You have claws for hands.
Your natural rate of healing is unusually fast.
You are covered in fur. (AC +1)
You have tough skin. (AC +1)


Message History

The hobgoblin hits you.
You closely miss the hobgoblin.
The hobgoblin is moderately wounded.
The hobgoblin barely misses you.
You closely miss the hobgoblin.
The hobgoblin is moderately wounded.
The hobgoblin barely misses you.
You barely miss the hobgoblin.
The hobgoblin is moderately wounded.
The hobgoblin barely misses you.
You closely miss the hobgoblin.
The hobgoblin is moderately wounded.
The hobgoblin barely misses you.
The orc priest mumbles some strange prayers to Beogh against you.
Beogh smites you!
You barely miss the hobgoblin.
The hobgoblin is moderately wounded.
The hobgoblin closely misses you.
You claw the hobgoblin!
You kill the hobgoblin!
You claw the orc!
You kill the orc!
You closely miss the orc. The orc hits you with a +0 dagger.
You closely miss the orc.
The orc priest calls down the wrath of Beogh upon you.
Beogh smites you! The orc closely misses you.
You claw the orc!
You kill the orc!
You claw the orc!
You kill the orc!
The orc hits you but does no damage.
The orc priest calls down the wrath of Beogh upon you.
Beogh smites you!
* * * LOW HITPOINT WARNING * * *
Items here: ))) [ †††.
You barely miss the orc. The orc hits you with a +0 whip.
* * * LOW HITPOINT WARNING * * *
The orc priest calls down the wrath of Beogh upon you.
Beogh smites you!
You die...

############# ####
#...........# ...
#...........#
####.########...........#####
#.....).o.o.@...........'....
#.#..########...........#....
..... #...........#....
#..#.# #############.... #.
#. #.... # #. #.... # ######
#######..... ............


You could see an orc priest and an orc.

Vanquished Creatures
  An orc wizard (D:3)
  A gnoll (D:1)
  A worm (D:2)
  7 orcs
  6 ball pythons
  5 bats
  4 endoplasms
  A giant cockroach (D:2)
  5 goblins
  6 hobgoblins
  2 kobolds (D:1)
  A quokka (D:1)
  A frilled lizard (D:2)
  7 rats
48 creatures vanquished.

Notes
Turn   | Place    | Note
-------+----------+-------------------------------------------
     0 | D:1      | siradein the Troll Hunter began the quest for the Orb.
     0 | D:1      | Reached XP level 1. HP: 19/19 MP: 0/0
   145 | D:1      | Reached XP level 2. HP: 28/28 MP: 1/1
   433 | D:1      | Reached skill level 1 in Unarmed Combat
   579 | D:1      | Reached XP level 3. HP: 32/35 MP: 2/2
   888 | D:2      | Reached skill level 4 in Throwing
  1583 | D:3      | Reached XP level 4. HP: 31/42 MP: 3/3
  1726 | D:3      | Killed from afar by an orc priest

Illustrated notes

Levels and vault maps discovered:
D:1:      lightli_molten_gateway, layout_loops_ring
D:2:      layout_basic, minmay_misc_feat_diagonals
D:3:      layout_basic, gup_sewer_entry_bubbles

Skill      XL: |  1  2  3 |
---------------+----------+-----
Unarmed Combat | 1 |  1.7
Fighting       | 2 |  2.3
Dodging        | 2 |  2.3
Throwing       | 4 |  4.1
Stealth        | |  0.3

Action                   |  1- 3 |  4- 6 || total
-------------------------+-------+-------++-------
Melee: Unarmed           |   114 |    20 ||   134
 Fire: Hunting sling     |     8 |       ||     8
 Stab: Sleeping          |     3 |     1 ||     4
Armor: Robe              |    42 |     4 ||    46
Dodge: Dodged            |    47 |    12 ||    59

Table legend: (Time is in decaauts)
 A = Elapsed time spent in this place.
 B = Non-inter-level travel time spent in this place.
 C = Inter-level travel time spent in this place.
 D = Time resting spent in this place.
 E = Time spent auto-exploring this place.
 F = Levels seen in this place.
 G = Mean time per level.
                   A        B        C        D        E       F      G
               +--------+--------+--------+--------+--------+-----+--------+
         Total |   1723 |   1677 |     46 |     27 |   1177 |   3 |  574.3 |
       Dungeon |   1723 |   1677 |     46 |     27 |   1177 |   3 |  574.3 |
               +--------+--------+--------+--------+--------+-----+--------+

Top non-repeatable levels by time:
     D:2: 874 daAuts
     D:1: 689 daAuts
     D:3: 158 daAuts
